AoeStats
← Mr. Penis

Black Forest

504803277Analyzed
4v4 RM · 25d ago on Sep 6, 2026· 74m 47s· 8 players
Game mode
Random Map
Map size
Large (8 player)
Population
200
Speed
Normal
Resources
Standard
Victory
Conquest
Starting age
Dark Age
Ending age
Imperial Age
RankedLock teamsTeams togetherTeam positionsShared explorationLock speedFull tech treeHidden civsTurbo modeCheats
Victory
Defeat
🇬🇧 Mongols · United Kingdom
1206
+13
🇺🇸 Romans · United States
1139
+16
🇷🇺 Jurchens · Russia
1110
+17
🇧🇪 Bohemians · Belgium
1101
+17
🇹🇼 Vietnamese · Taiwan
1154
-16
🇻🇳 Bulgarians · Vietnam
1152
-17
🇧🇪 Koreans · Belgium
1141
-16
🇺🇸 Jurchens · United States
1095
-14
WorldsFastestTurtle
11:34 Feudal Age
16:20 Castle Age
16:40 Wheelbarrow
16:13 Town Watch
16:16 Loom
16:20 Double-Bit Axe
16:19 Horse Collar
17:21 Heavy Plow
17:44 Bow Saw
20:54 Wheelbarrow
23:08 Stone Mining
25:25 Hand Cart
32:17 Imperial Age
29:44 Fletching
30:21 Bodkin Arrow
31:09 Husbandry
32:33 Ballistics
32:20 Siege Engineers
32:59 Bloodlines
32:50 Heavy Rocket Cart
33:55 Bracer
34:59 Chemistry
34:36 Padded Archer Armor
33:59 Heavy Cavalry Archer
35:39 Leather Archer Armor
36:04 Town Patrol
36:36 Ring Archer Armor
36:15 Light Cavalry
37:13 Scale Barding Armor
37:19 Forging
40:22 Chain Barding Armor
40:39 Iron Casting
39:26 Hussar
41:59 Thunderclap Bombs
41:51 Fortified Bastions
42:12 Conscription
44:20 Plate Barding Armor
44:46 Blast Furnace
56:14 Scale Mail Armor
55:44 Elite Iron Pagoda
56:52 Squires
57:09 Chain Mail Armor
60:29 Elite Fire Lancer
FlowCycling
0:26 Loom
14:32 Feudal Age
15:12 Double-Bit Axe
15:11 Fishing Lines
20:41 Castle Age
20:42 Horse Collar
21:36 Stone Mining
21:38 Gold Mining
22:09 Gillnets
23:09 Fletching
26:04 Bow Saw
28:46 Wheelbarrow
31:42 Imperial Age
30:30 Squires
30:18 Gambesons
30:47 Forging
30:38 Scale Mail Armor
30:46 Eupseong
32:04 Hand Cart
31:52 Heavy Plow
32:17 Caravan
32:49 Conscription
33:54 Chemistry
34:29 Two-Man Saw
34:31 Ballistics
34:23 Fortified Wall
35:16 Siege Engineers
39:59 Iron Casting
39:39 Chain Mail Armor
39:57 Elite War Wagon
43:49 Plate Mail Armor
43:16 Bodkin Arrow
45:44 Pikeman
48:23 Elite Fire Lancer
50:49 Pikeman
53:19 Town Watch
53:30 Halberdier
57:42 Thumb Ring
72:21 Bracer
Gamer
0:33 Loom
15:28 Feudal Age
16:28 Double-Bit Axe
19:57 Castle Age
17:47 Fishing Lines
18:00 Double-Bit Axe
19:04 Fishing Lines
19:19 Horse Collar
20:44 Gillnets
21:08 Bow Saw
30:38 Wheelbarrow
34:25 Imperial Age
32:39 Bloodlines
32:29 Husbandry
32:23 Gold Mining
33:04 Heavy Plow
33:21 Husbandry
33:28 Scale Barding Armor
36:37 Two-Man Saw
36:26 Stone Mining
37:09 Forging
36:50 Fletching
37:11 Padded Archer Armor
37:34 Chain Barding Armor
37:05 Fletching
39:56 Chemistry
40:18 Plate Barding Armor
40:18 Iron Casting
39:49 Chatras
42:03 Elite Battle Elephant
43:04 Elite Skirmisher
43:56 Imperial Skirmisher
45:06 Bodkin Arrow
45:11 Padded Archer Armor
45:33 Ballistics
47:10 Crop Rotation
50:37 Thumb Ring
53:35 Onager
55:47 Thumb Ring
55:44 Bracer
55:59 Leather Archer Armor
55:51 Siege Engineers
57:20 Ring Archer Armor
57:52 Pikeman
58:33 Squires
59:38 Fortified Wall
63:36 Caravan
63:54 Hand Cart
64:23 Halberdier
67:58 Scale Mail Armor
69:09 Town Watch
69:39 Crossbowman
VIETNAMESE GANGZ !!!
0:26 Loom
12:49 Feudal Age
14:07 Arson
14:40 Double-Bit Axe
14:37 Horse Collar
15:23 Forging
24:04 Stone Mining
26:59 Castle Age
25:28 Scale Mail Armor
25:22 Fletching
25:36 Gold Mining
29:28 Bow Saw
30:35 Iron Casting
30:01 Scale Mail Armor
34:26 Wheelbarrow
34:09 Bodkin Arrow
35:51 Gold Shaft Mining
35:51 Stone Shaft Mining
35:35 Bow Saw
36:14 Heavy Plow
37:21 Hand Cart
38:24 Iron Casting
37:54 Scale Barding Armor
40:13 Bloodlines
40:03 Husbandry
40:13 Bloodlines
40:03 Husbandry
44:19 Imperial Age
42:11 Town Watch
42:48 Chain Barding Armor
42:49 Stirrups
43:25 Murder Holes
43:40 Masonry
44:37 Onager
45:16 Capped Ram
46:38 Conscription
46:06 Siege Onager
47:12 Bracer
47:48 Plate Barding Armor
48:13 Blast Furnace
47:31 Siege Ram
47:44 Elite Konnik
49:01 Caravan
51:00 Chemistry
50:11 Masonry
50:56 Siege Ram
51:19 Light Cavalry
53:12 Heavy Scorpion
53:35 Hussar
58:06 Architecture
57:47 Siege Engineers
70:03 Crop Rotation
71:24 Squires
72:10 Gambesons
72:49 Scale Mail Armor
73:57 Blast Furnace
73:13 Gambesons
小虾米
0:36 Loom
16:11 Feudal Age
17:41 Wheelbarrow
20:56 Double-Bit Axe
26:00 Castle Age
24:41 Stone Mining
25:34 Gold Mining
26:58 Hand Cart
29:42 Bow Saw
29:17 Horse Collar
31:13 Heavy Plow
32:20 Forging
35:32 Gold Shaft Mining
39:37 Imperial Age
37:12 Scale Mail Armor
37:47 Iron Casting
37:09 Man-at-Arms
37:50 Squires
37:52 Long Swordsman
39:36 Pikeman
42:06 Murder Holes
47:10 Crop Rotation
47:31 Chain Mail Armor
48:17 Blast Furnace
47:03 Halberdier
50:43 Capped Ram
50:50 Legionary
53:58 Siege Ram
58:25 Comitatenses
58:25 Conscription
Ham Shank
5:36 Loom
12:04 Feudal Age
16:03 Castle Age
13:55 Fishing Lines
14:47 Double-Bit Axe
17:22 Bow Saw
30:00 Imperial Age
28:08 Wheelbarrow
27:53 Horse Collar
28:07 Gillnets
28:11 Gold Mining
28:14 Stone Mining
29:54 Hand Cart
31:09 Siege Engineers
31:25 Ballistics
33:38 Gold Shaft Mining
33:39 Stone Shaft Mining
33:18 Onager
35:07 Chemistry
34:18 Masonry
34:23 Fletching
34:33 Padded Archer Armor
36:00 Fortified Wall
35:26 Siege Onager
38:20 Heavy Scorpion
40:58 Conscription
41:44 Drill
42:35 Bodkin Arrow
46:25 Scale Barding Armor
46:31 Forging
46:11 Capped Ram
47:47 Chain Barding Armor
47:57 Bloodlines
47:47 Husbandry
47:37 Light Cavalry
48:56 Iron Casting
47:45 Siege Ram
48:40 Hussar
63:20 Caravan
64:22 Blast Furnace
63:24 Bracer
63:40 Leather Archer Armor
70:22 Elite Skirmisher
71:10 Thumb Ring
71:39 Nomads
72:27 Heavy Camel Rider
sassanas
0:30 Loom
12:55 Feudal Age
13:39 Double-Bit Axe
15:46 Fishing Lines
17:08 Fishing Lines
19:59 Castle Age
19:03 Fishing Lines
21:04 Wheelbarrow
21:01 Town Watch
22:34 Gillnets
29:02 Hand Cart
33:00 Bow Saw
32:33 Horse Collar
36:19 Imperial Age
35:42 Chemistry
35:09 Fletching
35:41 Ballistics
35:17 Murder Holes
35:36 Masonry
35:22 Murder Holes
36:29 Caravan
36:38 Houfnice
37:55 Siege Engineers
38:17 Conscription
38:06 Wagenburg Tactics
37:23 Elite Hussite Wagon
44:49 Bodkin Arrow
45:27 Architecture
44:53 Murder Holes
45:21 Bombard Tower
54:37 Guilds
54:58 Coinage
55:11 Padded Archer Armor
55:40 Squires
56:38 Scale Mail Armor
56:49 Forging
56:08 Pikeman
57:55 Chain Mail Armor
57:56 Leather Archer Armor
63:59 Halberdier
68:51 Plate Mail Armor
68:57 Iron Casting
68:22 Bracer
68:55 Ring Archer Armor
70:06 Two-Man Saw
Mr. Penis
0:26 Loom
14:36 Feudal Age
14:53 Feudal Age
15:47 Double-Bit Axe
15:43 Horse Collar
19:02 Castle Age
22:30 Bow Saw
24:41 Wheelbarrow
30:06 Heavy Plow
29:59 Gold Mining
30:22 Stone Mining
32:27 Hand Cart
31:57 Town Watch
33:30 Gold Shaft Mining
33:31 Stone Shaft Mining
37:15 Imperial Age
35:09 Fortified Wall
36:35 Town Patrol
37:52 Siege Engineers
38:08 Ballistics
37:59 Masonry
37:29 Treadmill Crane
37:42 Fletching
40:06 Chemistry
41:07 Crop Rotation
41:38 Two-Man Saw
44:36 Architecture
44:03 Murder Holes
46:31 Conscription
48:16 Hoardings
47:43 Fortified Bastions
49:15 Bodkin Arrow
53:21 Scale Barding Armor
53:26 Forging
53:17 Bracer
53:00 Light Cavalry
53:51 Bloodlines
53:41 Husbandry
53:49 Hussar
57:17 Iron Casting
63:31 Chain Barding Armor
64:12 Blast Furnace
73:01 Caravan
Connection lost

Rejoining the realm…

Still unreachable

The connection could not be restored.

Session expired

The server has moved on; the page needs a fresh start.